 Dungeon Crawl Stone Soup version 0.28.0-45-g0d030f2227 (webtiles) character file.

Game seed: 4718393321946679278

49 joshe the Conjurer (level 3, 19/19 HPs)
             Began as a Deep Elf Conjurer on Apr 14, 2022.
             Quit the game on level 2 of the Dungeon.
             The game lasted 00:03:49 (1872 turns).

joshe the Conjurer (Deep Elf Conjurer)              Turns: 1872, Time: 00:03:50

Health: 19/19      AC:  2    Str:  4    XL:     3   Next: 53%
Magic:  9/9        EV: 12    Int: 24    God:
Gold:   83         SH:  0    Dex: 13    Spells: 5/8 levels left

rFire   . . .      SeeInvis .   (no weapon)
rCold   . . .      Faith    .   (no shield)
rNeg    . . .      Spirit   .   a - +0 robe
rPois   .          Reflect  .   (no helmet)
rElec   .          Harm     .   (no cloak)
rCorr   .          Rampage  .   (no gloves)
Will    .....                   (no boots)
Stlth   ++........              (no amulet)
HPRegen 0.06/turn               (no ring)
MPRegen 0.11/turn               (no ring)

@: no status effects
A: no striking features
a: no special abilities


You were on level 2 of the Dungeon.
You visited 1 branch of the dungeon, and saw 2 of its levels.

You collected 83 gold pieces.

Inventory:

Armour
 a - a +0 robe (worn)
Wands
 g - a wand of digging (3)
Scrolls
 b - a scroll of blinking {unknown}
 e - a scroll of teleportation {unknown}
Potions
 c - a potion of might {unknown}
 d - a potion of flight {unknown}
 f - a potion of attraction {unknown}


   Skills:
 - Level 2.4 Dodging
 - Level 2.4 Stealth
 - Level 3.0 Spellcasting
 * Level 5.9 Conjurations


You had 5 spell levels left.
You knew the following spells:

 Your Spells              Type           Power      Damage    Failure   Level
a - Magic Dart            Conj           100%       1d8       1%          1
b - Searing Ray           Conj           62%        2d6       1%          2

Your spell library contained the following spells:

 Spells                   Type           Power      Damage    Failure   Level
 Dazzling Flash           Conj/Hex       34%        N/A       10%         3
 Mephitic Cloud           Conj/Pois/Air  13%        N/A       14%         3
 Ignite Poison            Fire/Tmut/Pois 3%         N/A       32%         3
 Fulminant Prism          Conj/Hex       8%         3d7       32%         4
 Iskenderun's Mystic Bla  Conj/Tloc      17%        2d5       32%         4
 Freezing Cloud           Conj/Ice/Air   6%         6-21      80%         5


Dungeon Overview and Level Annotations

Branches:
Dungeon (2/15)

Altars:
Wu Jian

Shops:
D:2 :


Message History

Found Rywaet's Book Emporium.
There is an entrance to Rywaet's Book Emporium here.
You can access your shopping list by pressing '$'.
There is a fountain of clear blue water here.
An adder comes into view.
The magic dart hits the adder!
The adder is heavily wounded.
The adder hisses angrily.
Casting: Magic Dart (safe; 1% risk of failure)
Confirm with . or Enter, or press ? or * to list all spells.
Aiming: Searing Ray (safe; 1% risk of failure)
Press: ? - help, Shift-Dir - straight line, f/p - adder
Aim: an adder (heavily wounded, 66% to hit)
The searing ray hits the adder.
You kill the adder! (Press . to maintain the ray.)
You start resting.
Magic restored.
You open the door.
There is an open door here.
There is an open door here.
A ball python comes into view.
The magic dart hits the ball python.
The ball python is moderately wounded.
The magic dart hits the ball python!
You kill the ball python!
Found a stone staircase leading down.
You now have 83 gold pieces (gained 9).
A hobgoblin comes into view.
The magic dart hits the hobgoblin.
You kill the hobgoblin!
You see here a hobgoblin corpse.
Found an escape hatch in the floor.
You can't see any susceptible monsters within range! (Use Z to cast anyway.)
Found a hand axe.
Found a stone staircase leading up.
There is an escape hatch in the ceiling here.
Done exploring.
Done exploring.
Are you sure you want to abandon this character and quit the game? (Confirm with "yes".)

.#######.# .# #.#
######## .# #.# #......#
.# ##.### #......# .#
#....# #......#
#######....# #......#
......'....# #......#
###...#....# #......#####
..#...#....###..@...'...#
..'...#.............###.#
..#...#####...........#.#
......##........#.##..#.#
.......#.##.....#.....#.#
.......#.##.....#####.#.#
.......#.#####.## #.#.#
#####'##.#####.######.#.#
## #.##.#.........##.#.#


There were no monsters in sight!

Vanquished Creatures
  2 adders (D:2)
  2 endoplasms (D:1)
  2 giant cockroaches (D:1)
  4 goblins
  3 hobgoblins
  4 kobolds (D:1)
  5 ball pythons
  A bat (D:1)
  2 frilled lizards
  5 rats
30 creatures vanquished.

Notes
Turn   | Place    | Note
-------+----------+-------------------------------------------
     0 | D:1      | joshe the Deep Elf Conjurer began the quest for the Orb.
     0 | D:1      | Reached XP level 1. HP: 10/10 MP: 6/6
   284 | D:1      | Reached XP level 2. HP: 15/15 MP: 6/8
   287 | D:1      | Learned a level 2 spell: Searing Ray
   327 | D:1      | Found a faded altar of an unknown god.
   379 | D:1      | Reached skill level 5 in Conjurations
  1191 | D:2      | Reached XP level 3. HP: 19/19 MP: 4/9
  1513 | D:2      | Found an ornate altar of the Wu Jian Council.
  1583 | D:2      | Found Rywaet's Book Emporium.
  1872 | D:2      | Quit the game

Illustrated notes

Levels and vault maps discovered:
D:1:      elethiomel_arrival_shortcut, layout_loops_corners,
          ebering_ecumenical_altar_rust, minivault_5, serial_park_tiny_2
D:2:      layout_basic, serial_shops, shop_fountains, basic_altar

Skill      XL: |  1  2 |
---------------+-------+-----
Conjurations   | 5 |  5.9
Dodging        | |  2.4
Stealth        | |  2.4
Spellcasting   | |  3.0

Action                   || total
-------------------------++-------
 Cast: Magic Dart        ||    45
       Searing Ray       ||     3
Dodge: Dodged            ||     3
